 Dungeon Crawl Stone Soup version 0.21.1-1-g345015f (webtiles) character file.

158 Kagorn the Skirmisher (level 5, 0/53 HPs)
             Began as a Troll Berserker on July 5, 2018.
             Was a Priest of Trog.
             Slain by an adder (2 damage)
             ... on level 2 of the Dungeon.
             The game lasted 00:10:05 (1586 turns).

Kagorn the Skirmisher (Troll Berserker)             Turns: 1586, Time: 00:10:05

Health: 0/53       AC:  5    Str: 25    XL:     5   Next: 16%
Magic:  4/4        EV: 10    Int:  3    God:    Trog [***...]
Gold:   81         SH:  0    Dex: 10    Spells: 4/4 levels left

rFire    . . .     SeeInvis .   a - +0 hand axe
rCold    . . .     Gourm    +   (no shield)
rNeg     . . .     Faith    .   b - +0 animal skin
rPois    .         Spirit   .   (helmet restricted)
rElec    .         Reflect  .   (no cloak)
rCorr    .         Harm     .   (gloves unavailable)
MR       .....                  (boots unavailable)
Stlth    +.........             (no amulet)
HPRegen  0.57/turn              (no ring)
MPRegen  0.09/turn              (no ring)

@: lethally poisoned (0 -> -1)
A: large, unfitting armour, claws 3, fast metabolism 3, gourmand, regeneration
1, shaggy fur 1, tough skin 2
a: Berserk, Trog's Hand, Burn Spellbooks, Renounce Religion


You were on level 2 of the Dungeon.
You worshipped Trog.
Trog was most pleased with you.
You were completely stuffed.

You visited 1 branch of the dungeon, and saw 3 of its levels.

You collected 81 gold pieces.

Inventory:

Hand Weapons
 a - a +0 hand axe (weapon)
Armour
 b - a +0 animal skin (worn)
Scrolls
 d - a scroll of teleportation
 j - 4 scrolls of identify
Comestibles
 c - 7 rations
 f - 3 chunks of flesh


   Skills:
 * Level 3.2 Fighting
 * Level 3.2 Axes
 + Level 1.2 Throwing
 + Level 1.0 Armour
 + Level 2.7 Dodging
 + Level 0.8 Stealth


You had 4 spell levels left.
You didn't know any spells.

Dungeon Overview and Level Annotations

Branches:
Dungeon (3/15)

Altars:
Makhleb


Innate Abilities, Weirdness & Mutations

You are too large for most types of armour.
You have claws for hands.
Your metabolism is lightning-fast.
You like to eat raw meat.
Your natural rate of healing is unusually fast.
You are covered in fur. (AC +1)
You have very tough skin. (AC +2)


Message History

You feel sick. The adder bites you but does no damage.
You closely miss the adder.
The adder is almost dead.
The adder bites you.
* * * LOW HITPOINT WARNING * * *
You are more poisoned.
The adder poisons you! The adder barely misses you.
You closely miss the adder.
The adder is almost dead.
You feel sick. The adder completely misses you.
You closely miss the adder.
The adder is almost dead.
The adder bites you.
* * * LOW HITPOINT WARNING * * *
The adder closely misses you.
You closely miss the adder.
The adder is almost dead.
You feel sick. The adder closely misses you. The adder bites you.
You die...

################# ###
#...............# #..
#...........###.####..
#>.########.##...#....
#####..#######...<#.#.....
#......)S@................
#.###..#######....#.#.##.. ######
#.# #..# ##.##....##..
.....###.###..# #####.###.#.###.
####.......)..####.........[..)..
#####..###..........###.#.....
#..# #.####.##### #....###
#..###.# #.# #..#.#
########......# #.# ###..#.###


You could see an adder.

Vanquished Creatures
  Robin (D:2)
  6 adders (D:2)
  An ooze (D:2)
  A worm (D:2)
  3 dart slugs
  4 leopard geckos
  2 orcs (D:3)
  3 ball pythons
  A giant cockroach (D:2)
  13 goblins
  11 hobgoblins
  3 jackals (D:1)
  A kobold (D:1)
  2 quokkas (D:2)
  9 bats
  4 frilled lizards
  6 rats
71 creatures vanquished.

Notes
Turn   | Place    | Note
-------+----------+-------------------------------------------
     0 | D:1      | Kagorn the Troll Berserker began the quest for the Orb.
     0 | D:1      | Reached XP level 1. HP: 22/22 MP: 0/0
    51 | D:1      | Reached XP level 2. HP: 25/29 MP: 1/1
   366 | D:1      | Reached XP level 3. HP: 36/36 MP: 2/2
   371 | D:1      | Reached ** piety under Trog
  1029 | D:2      | Reached XP level 4. HP: 43/45 MP: 3/3
  1049 | D:2      | Reached skill level 1 in Throwing
  1292 | D:2      | Found a burning altar of Makhleb.
  1294 | D:2      | Noticed a balrug
  1298 | D:2      | Noticed a smoke demon
  1298 | D:2      | Noticed a hellwing
  1469 | D:2      | Reached *** piety under Trog
  1558 | D:3      | Noticed Robin
  1562 | D:3      | Reached XP level 5. HP: 47/53 MP: 4/4
  1569 | D:3      | Reached skill level 1 in Armour
  1572 | D:3      | HP: 1/53 [hobgoblin[Robin] (5)]
  1580 | D:2      | Killed Robin
  1584 | D:2      | HP: 2/53 [adder (3)]
  1586 | D:2      | Slain by an adder

Skill      XL: |  1  2  3  4  5 |
---------------+----------------+-----
Fighting       | 3 |  3.2
Axes           | 3 |  3.2
Throwing       | 1 |  1.2
Armour         | 1 |  1.0
Dodging        | |  2.7
Stealth        | |  0.8

Action                   |  1- 3 |  4- 6 || total
-------------------------+-------+-------++-------
Melee: Hand axe          |   129 |   108 ||   237
  Use: Scroll            |       |     5 ||     5
       Potion            |       |     2 ||     2
  Eat: Chunk             |    15 |     6 ||    21
Armor: Animal skin       |    57 |    50 ||   107
Dodge: Dodged            |    94 |   105 ||   199
